Map: Hecate LE

Players

Reynor - Winner!

  • Race: Zerg Zerg
  • League: Master
  • Spawn Location: 1:00

Wayne (Vanya)

  • Race: Zerg Zerg
  • League: Master
  • Spawn Location: 7:00

VOD

Have the link to the VOD?

Description

Time

  • Played on: Dec. 28, 2023, 8:37 a.m.
  • Length: 29:41
Show
View Real Time Build Order
Export as new Build Order

Reynor Zerg - Winner!

Build Orders: Hatch First, Lurkers 

Get SALT Encoding   

  12  0:00  Drone  
  13  0:11  Overlord  
  13  0:16  Drone  
  14  0:30  Drone x2  
  16  0:47  Hatchery  
  15  0:50  Drone  
  15  0:54  Drone  
  17  0:57  Drone  
  18  1:08  Extractor  
  17  1:13  Spawning Pool  
  17  1:16  Drone  
  17  1:19  Drone  
  18  1:27  Drone  
  19  1:38  Drone  
  20  1:48  Drone  
  21  1:59  Queen x2, Overlord  
  21  2:00  Drone  
  26  2:10  Drone x2  
  28  2:20  Drone  
  28  2:21  Drone  
  30  2:32  Hatchery, Drone x2  
  31  2:42  Drone  
  31  2:43  Overlord  
  32  2:47  Evolution Chamber  
  32  2:50  Queen  
  33  2:53  Drone x2  
  35  3:04  Drone x2  
  37  3:08  Overlord  
  37  3:09  Drone x5  
  42  3:16  Zerg Missile Weapons Level 1  
  42  3:18  Drone x2  
  44  3:26  Roach Warren  
  43  3:29  Drone x2  
  43  3:31  Extractor  
  44  3:39  Overlord  
  44  3:40  Drone  
  45  3:44  Drone x3  
  45  3:45  Drone  
  49  3:49  Extractor  
  49  3:50  Overlord, Extractor  
  49  3:52  Drone, Evolution Chamber  
  49  3:53  Lair  
  49  3:55  Drone  
  48  4:00  Drone x3  
  51  4:04  Drone  
  51  4:05  Overlord  
  51  4:06  Drone  
  53  4:15  Roach  
  53  4:16  Roach x2  
  61  4:17  Roach  
  61  4:18  Roach  
  63  4:27  Roach x3  
  63  4:29  Overlord  
  69  4:31  Roach  
  69  4:34  Roach  
  69  4:37  Overlord  
  73  4:41  Roach  
  73  4:42  Roach  
  77  4:46  Roach  
  77  4:48  Ravager  
  77  4:49  Roach  
  82  4:56  Glial Reconstitution  
  82  5:03  Overseer  
  82  5:05  Overlord  
  82  5:12  Hatchery, Roach  
  83  5:16  Overlord  
  83  5:20  Hatchery  
  83  5:23  Queen x2  
  83  5:28  Zerg Ground Armor Level 1  
  87  5:38  Roach x4  
  93  5:45  Drone x4  
  93  5:49  Drone  
  94  5:50  Overseer  
  94  5:53  Drone  
  95  5:58  Infestation Pit  
  95  6:00  Overlord  
  94  6:05  Queen  
  94  6:10  Overlord  
  96  6:14  Queen  
  98  6:18  Spore Crawler  
  98  6:19  Spore Crawler  
  98  6:20  Drone  
  97  6:29  Drone x2  
  99  6:35  Queen  
  100  6:40  Infestor x3  
  100  6:47  Drone x3, Spore Crawler  
  108  6:53  Drone  
  109  6:56  Overlord  
  109  7:07  Roach x2  
  113  7:09  Overlord  
  113  7:13  Drone x3  
  95  7:23  Drone x3  
  95  7:26  Spore Crawler  
  95  7:27  Spore Crawler  
  95  7:28  Drone x4  
  95  7:29  Drone x2  
  102  7:31  Infestor  
  104  7:41  Infestor x2  
  108  7:46  Queen  
  108  7:47  Extractor  
  108  7:49  Spore Crawler  
  108  7:50  Overlord  
  108  7:58  Drone x4, Spore Crawler  
  111  8:00  Drone x2  
  111  8:03  Drone x2  
  111  8:04  Drone  
  114  8:09  Overlord  
  114  8:12  Drone x3  
  117  8:15  Extractor  
  117  8:17  Drone x2, Spore Crawler, Extractor  
  117  8:19  Spore Crawler  
  115  8:21  Drone x2  
  115  8:23  Extractor  
  115  8:25  Extractor  
  115  8:28  Queen  
  115  8:29  Hydralisk Den  
  115  8:31  Drone x2  
  115  8:32  Drone  
  120  8:34  Overlord  
  120  8:36  Extractor  
  120  8:39  Roach x2  
  123  8:47  Spore Crawler  
  123  8:48  Drone x4  
  126  8:49  Spore Crawler  
  126  8:54  Overlord  
  125  8:57  Drone  
  125  8:59  Lurker Den  
  125  9:01  Hydralisk x3  
  131  9:08  Hydralisk x2  
  135  9:11  Overlord  
  134  9:25  Extractor  
  134  9:30  Overseer  
  133  9:32  Swarm Host  
  133  9:34  Hive  
  133  9:35  Drone x3  
  139  9:40  Spore Crawler  
  139  9:42  Spore Crawler  
  137  9:49  Overlord  
  137  9:57  Lurker x4  
  141  10:01  Overlord  
  141  10:02  Drone x2  
  141  10:03  Queen  
  145  10:10  Lurker  
  145  10:11  Roach  
  145  10:12  Roach x7  
  159  10:25  Overlord  
  157  10:31  Hydralisk x4  
  157  10:34  Zerg Missile Weapons Level 2  
  165  10:41  Overlord x2  
  165  10:50  Seismic Spines  
  165  10:55  Hatchery  
  137  11:12  Roach  
  137  11:13  Roach x9  
  155  11:20  Viper  
  155  11:23  Drone x2  
  155  11:24  Drone x3  
  153  11:37  Roach x10  
  161  11:40  Queen  
  162  11:47  Overlord  
  162  11:49  Zerg Ground Armor Level 2  
  162  11:57  Roach x3  
  162  11:59  Overlord  
  162  12:01  Hatchery  
  167  12:05  Hydralisk x2  
  172  12:19  Hatchery, Lurker x2  
  172  12:20  Drone x3  
  176  12:24  Spore Crawler  
  176  12:25  Spore Crawler  
  176  12:28  Viper  
  177  12:38  Queen  
  179  12:45  Viper  
  179  12:49  Drone x5  
  179  12:50  Drone x2  
  189  12:53  Viper  
  189  12:54  Overlord  
  190  13:09  Overseer  
  190  13:10  Adaptive Talons  
  190  13:18  Extractor x2  
  188  13:22  Viper  
  188  13:23  Overseer  
  191  13:34  Viper  
  191  13:36  Spore Crawler  
  175  13:49  Hydralisk x6  
  175  13:52  Queen  
  174  13:55  Drone x2  
  174  13:56  Drone  
  174  14:01  Lurker x2  
  179  14:03  Spore Crawler  
  179  14:04  Spore Crawler  
  179  14:05  Spore Crawler  
  176  14:11  Spine Crawler  
  176  14:12  Spine Crawler  
  176  14:14  Spine Crawler  
  176  14:15  Zerg Missile Weapons Level 3  
  173  14:18  Drone x4  
  173  14:20  Hydralisk x3  
  183  14:39  Lurker  
  183  14:40  Lurker x3  
  183  14:42  Grooved Spines  
  185  14:46  Hydralisk x2  
  189  14:58  Hydralisk x2  
  189  14:59  Hydralisk  
  195  15:11  Drone x2  
  195  15:12  Hydralisk x2  
  195  15:13  Spore Crawler  
  200  15:18  Hatchery  
  199  15:32  Muscular Augments  
  199  15:33  Spore Crawler x2  
  197  15:35  Spore Crawler  
  197  15:38  Pneumatized Carapace  
  197  15:39  Zerg Ground Armor Level 3  
  197  15:40  Overseer  
  196  15:45  Lurker x3  
  194  16:01  Overseer, Hydralisk x4  
  194  16:05  Overseer  
  194  16:11  Hatchery  
  189  16:33  Viper x3  
  189  16:34  Hatchery  
  185  16:47  Hydralisk  
  185  16:48  Hydralisk x5  
  185  16:53  Hatchery  
  196  16:55  Overlord  
  196  16:56  Overseer x3  
  196  17:01  Lurker x4  
  196  17:03  Overlord  
  200  17:30  Spore Crawler  
  200  17:32  Spore Crawler  
  198  17:50  Hydralisk  
  200  18:18  Overseer x2  
  200  18:32  Extractor  
  200  18:33  Extractor  
  182  18:36  Lurker  
  182  18:37  Lurker x3  
  182  18:38  Hydralisk x7  
  200  19:04  Overlord  
  198  19:20  Overseer  
  193  19:53  Hydralisk x3  
  199  20:17  Hatchery  
  192  20:34  Hydralisk  
  192  20:35  Hydralisk x9  
  186  20:51  Hydralisk x7  
  186  20:53  Overseer x5  
  192  21:07  Hydralisk x4  
  200  21:25  Overseer x2  
  200  21:26  Overseer  
  200  21:30  Extractor x2  
  200  21:31  Lurker x4  
  194  21:36  Spore Crawler  
  194  21:37  Spore Crawler  
  188  21:50  Overseer x5  
  186  22:03  Hydralisk x9  
  195  22:08  Overlord  
  195  22:15  Hydralisk x12  
  183  22:44  Hydralisk x12  
  166  22:47  Viper x3  
  166  22:49  Lurker  
  195  22:51  Queen  
  191  23:03  Overseer  
  191  23:04  Lurker x3  
  191  23:05  Hydralisk x3  
  197  23:31  Overseer  
  168  23:34  Lurker x2  
  168  23:35  Lurker x2, Hydralisk x3  
  168  23:37  Hydralisk x5  
  168  23:38  Hydralisk x3  
  186  23:53  Extractor  
  185  24:00  Overseer  
  182  24:02  Hydralisk  
  182  24:03  Hydralisk x3  
  182  24:04  Lurker x6  
  182  24:06  Overseer  
  182  24:08  Roach x2  
  200  24:34  Overseer  
  200  24:51  Overseer x2  
  191  25:04  Viper  
  191  25:05  Viper x2  
  192  25:18  Drone x5  
  195  25:38  Extractor  
  195  25:40  Overseer x2  
  189  26:03  Roach x5  
  199  26:06  Overseer  
  199  26:10  Overseer  
  192  26:13  Hatchery, Roach x6  
  192  26:20  Overseer  
  192  26:30  Overseer  
  189  26:34  Roach x3  
  189  26:35  Overseer  
  189  26:37  Overseer, Overlord x2  
  189  26:38  Overlord  
  195  26:44  Overlord  
  191  26:51  Viper x3  
  196  27:00  Hydralisk x2  
  155  27:16  Roach x25  
  155  27:18  Roach  
  155  27:19  Roach  
  155  27:22  Roach x3  
  186  27:30  Hatchery  
  186  27:31  Roach x2  
  186  27:32  Roach x3  
  186  27:35  Hydralisk  
  194  27:38  Hydralisk x3  
  200  27:56  Overseer x3  
  200  27:57  Lurker x2  
  200  28:03  Hatchery  
  189  28:22  Hydralisk x5  
  199  28:31  Roach x8  
  197  28:50  Roach  
  197  28:52  Overlord  
  197  29:02  Overseer x4  
  197  29:07  Overseer  
  197  29:16  Hydralisk  
Show
View Real Time Build Order
Export as new Build Order

Wayne Zerg 

Build Orders: Hatch First, Lurkers 

Get SALT Encoding   

  12  0:00  Drone  
  13  0:08  Drone  
  14  0:15  Drone, Extractor  
  15  0:36  Hatchery  
  15  0:40  Extractor  
  15  0:41  Drone  
  15  0:47  Overlord  
  15  1:02  Spawning Pool  
  14  1:05  Drone  
  14  1:08  Drone  
  16  1:12  Drone  
  16  1:17  Drone  
  18  1:27  Drone, Extractor  
  18  1:38  Drone  
  19  1:48  Queen x2  
  19  1:49  Drone  
  19  1:50  Drone  
  25  2:00  Drone, Overlord  
  26  2:10  Drone  
  26  2:11  Drone  
  28  2:20  Drone  
  28  2:21  Drone  
  30  2:24  Queen  
  30  2:27  Queen  
  34  2:33  Overlord  
  34  2:38  Overlord  
  34  2:42  Drone x2  
  36  2:52  Drone  
  36  2:54  Drone  
  36  2:56  Drone x4  
  42  3:01  Metabolic Boost  
  42  3:06  Drone  
  42  3:07  Evolution Chamber  
  42  3:14  Drone x3  
  42  3:15  Extractor  
  42  3:18  Lair  
  44  3:25  Drone x2  
  46  3:30  Roach Warren  
  45  3:35  Drone  
  45  3:36  Drone x2  
  45  3:37  Extractor  
  47  3:41  Zerg Melee Weapons Level 1  
  47  3:44  Zergling x6, Overlord  
  50  3:50  Overlord, Extractor  
  50  3:52  Zergling x2  
  51  3:56  Zergling x2  
  51  3:59  Hatchery  
  51  4:03  Zergling x2  
  51  4:04  Zergling x2  
  53  4:11  Zergling x10  
  58  4:19  Spire  
  58  4:21  Zergling x2  
  58  4:24  Zergling x2  
  59  4:29  Zergling x6  
  62  4:36  Overlord  
  62  4:39  Zergling x2  
  62  4:41  Zergling x6  
  66  4:48  Zergling x4  
  66  4:54  Spine Crawler x2  
  62  5:00  Zergling x8  
  66  5:07  Drone x2  
  66  5:12  Overlord  
  69  5:30  Mutalisk x7  
  69  5:35  Drone  
  83  5:43  Overlord  
  76  5:52  Zerg Flyer Weapons Level 1, Mutalisk x2  
  79  5:58  Drone x3  
  79  6:00  Overlord  
  79  6:02  Mutalisk  
  84  6:09  Mutalisk  
  84  6:10  Drone x3  
  89  6:18  Overlord  
  89  6:22  Overlord  
  89  6:23  Drone x2  
  89  6:24  Drone  
  92  6:27  Extractor  
  92  6:28  Extractor  
  90  6:35  Overlord  
  83  6:41  Mutalisk x3  
  83  6:45  Drone x2  
  91  6:49  Zergling x10  
  96  6:55  Mutalisk  
  93  7:10  Drone x3  
  93  7:11  Drone  
  93  7:13  Drone  
  93  7:14  Drone x4  
  93  7:23  Mutalisk x4  
  93  7:28  Drone x4  
  100  7:32  Zergling x2  
  100  7:33  Zergling x4  
  103  7:45  Mutalisk x3  
  109  8:01  Drone x8  
  109  8:02  Drone  
  116  8:09  Overlord  
  112  8:13  Zerg Missile Weapons Level 1  
  112  8:14  Drone x2  
  112  8:16  Evolution Chamber  
  112  8:17  Roach Warren  
  112  8:19  Drone  
  113  8:32  Overlord  
  113  8:33  Hatchery  
  112  8:36  Overlord  
  112  8:44  Zerg Ground Armor Level 1  
  112  8:45  Overlord  
  112  8:47  Queen  
  114  8:56  Glial Reconstitution  
  114  8:58  Roach x12  
  114  8:59  Roach  
  114  9:02  Overlord  
  140  9:09  Overlord  
  140  9:13  Drone x3  
  140  9:14  Infestation Pit  
  142  9:21  Overlord  
  142  9:24  Overlord  
  142  9:25  Extractor  
  142  9:27  Overlord  
  141  9:34  Roach x8  
  156  9:45  Overlord  
  156  9:46  Roach x4  
  156  9:52  Hive  
  164  9:54  Roach x3  
  164  9:56  Overseer  
  164  9:57  Overseer  
  164  9:58  Ravager  
  164  9:59  Ravager x3  
  173  10:07  Roach x5  
  173  10:12  Hydralisk Den, Extractor  
  173  10:14  Ravager x3  
  183  10:15  Ravager x3  
  183  10:20  Drone x3  
  190  10:21  Zerg Missile Weapons Level 2  
  190  10:26  Roach  
  190  10:27  Roach x3  
  198  10:34  Pneumatized Carapace  
  198  10:37  Zerg Ground Armor Level 2  
  198  10:42  Spore Crawler x2  
  197  10:43  Lurker Den  
  197  10:49  Hydralisk x2  
  197  11:06  Overseer  
  189  11:16  Hydralisk  
  191  11:19  Overlord x2  
  185  11:31  Hatchery  
  178  11:39  Hydralisk x8  
  138  11:40  Viper  
  138  11:41  Viper x2  
  151  11:49  Seismic Spines  
  151  11:52  Drone x4  
  151  11:53  Drone x3  
  158  11:54  Lurker  
  158  11:59  Lurker  
  158  12:00  Lurker  
  161  12:03  Spine Crawler  
  161  12:04  Spine Crawler  
  161  12:05  Spine Crawler  
  161  12:08  Grooved Spines  
  158  12:09  Hydralisk x4  
  158  12:13  Overseer x2  
  165  12:16  Extractor x2  
  165  12:17  Drone  
  165  12:18  Drone x2  
  165  12:21  Drone x3  
  168  12:27  Overseer  
  168  12:30  Overseer  
  168  12:33  Hydralisk x4  
  168  12:35  Lurker  
  168  12:36  Lurker  
  178  12:40  Overlord  
  178  12:46  Adaptive Talons  
  178  12:51  Hydralisk x3  
  178  12:52  Hydralisk  
  178  12:57  Spine Crawler  
  185  12:58  Drone  
  185  12:59  Spore Crawler  
  185  13:05  Zerg Missile Weapons Level 3  
  185  13:07  Lurker x2  
  185  13:10  Lurker  
  188  13:19  Hydralisk x5  
  186  13:25  Lurker  
  197  13:28  Muscular Augments  
  197  13:29  Hydralisk  
  188  13:53  Overlord  
  188  13:54  Hydralisk x3  
  181  13:56  Overlord x2  
  181  13:58  Zerg Ground Armor Level 3  
  181  14:03  Overlord x2, Lurker  
  182  14:12  Viper x2  
  182  14:14  Viper  
  182  14:16  Viper  
  194  14:18  Drone x2  
  194  14:21  Spine Crawler  
  194  14:22  Spine Crawler  
  194  14:28  Viper  
  194  14:30  Drone  
  198  14:34  Hatchery  
  198  14:35  Spine Crawler  
  198  14:37  Spine Crawler  
  195  14:40  Hydralisk x2  
  195  14:42  Lurker  
  200  14:47  Spore Crawler  
  200  14:50  Overseer  
  200  14:51  Overseer  
  199  15:00  Overseer  
  199  15:15  Overseer  
  199  15:18  Overseer  
  199  15:31  Hydralisk  
  199  15:40  Lurker  
  200  15:55  Overseer x2  
  200  16:17  Drone, Extractor  
  200  16:18  Drone, Extractor  
  200  16:25  Spine Crawler, Spore Crawler  
  183  16:41  Hydralisk  
  183  16:42  Hydralisk x7  
  199  16:48  Spine Crawler  
  199  16:50  Spine Crawler x2, Spore Crawler  
  199  16:51  Spore Crawler  
  199  16:52  Drone x3  
  199  16:53  Viper  
  200  16:56  Overseer  
  200  16:57  Overseer  
  200  16:58  Overseer x3  
  200  16:59  Overseer  
  200  17:00  Overlord x2  
  200  17:12  Overlord  
  200  17:15  Spore Crawler  
  200  17:18  Overlord  
  200  17:21  Lurker  
  200  17:51  Hatchery  
  199  18:10  Overseer  
  199  18:22  Overseer x4  
  191  18:35  Viper x2  
  191  18:39  Hydralisk  
  191  18:40  Lurker  
  200  18:56  Overseer  
  200  18:58  Nydus Network  
  200  19:02  Drone, Hatchery  
  199  19:08  Overseer  
  199  19:10  Lurker  
  200  19:17  Overseer x4  
  196  19:52  Overseer  
  196  20:06  Hydralisk x2  
  200  20:11  Nydus Canal  
  191  20:35  Hydralisk x6  
  191  20:40  Hydralisk x6  
  191  20:41  Hydralisk x6  
  198  20:43  Overseer  
  187  20:51  Lurker x8, Overlord  
  187  20:53  Overseer x3  
  195  20:57  Overlord  
  195  21:00  Overlord x3  
  195  21:02  Overlord  
  181  21:04  Overlord  
  171  21:12  Lurker x8  
  171  21:13  Viper  
  171  21:15  Overlord x2  
  171  21:16  Viper x3  
  191  21:20  Spine Crawler x2, Spore Crawler  
  191  21:21  Spine Crawler, Drone x2  
  191  21:22  Spore Crawler, Overseer, Extractor x2  
  191  21:24  Hydralisk x7  
  200  21:44  Overseer  
  194  21:52  Hydralisk x3  
  200  21:59  Overlord  
  188  22:14  Hydralisk x13  
  180  22:20  Viper  
  180  22:21  Viper x4  
  186  22:25  Overlord  
  186  22:28  Drone x3  
  182  22:30  Drone x3  
  182  22:35  Hydralisk x11  
  181  22:46  Viper  
  181  22:48  Hydralisk x9  
  196  22:55  Overlord  
  196  22:58  Hydralisk x8  
  183  23:00  Overseer  
  191  23:20  Hydralisk x4  
  191  23:26  Hatchery  
  176  23:37  Drone x3  
  179  23:43  Overlord  
  179  23:44  Overlord  
  179  23:45  Hydralisk x9  
  197  23:48  Drone x2  
  197  23:49  Drone  
  197  23:54  Extractor  
  196  23:58  Viper  
  196  24:01  Drone  
  198  24:05  Overseer  
  198  24:06  Overseer x4  
  198  24:19  Lurker x2  
  194  24:40  Hydralisk x3  
  200  24:48  Overseer  
  191  25:03  Viper x7  
  197  25:12  Spine Crawler x2  
  197  25:13  Spore Crawler  
  194  25:14  Spine Crawler  
  194  25:19  Viper x2  
  195  25:40  Overlord  
  195  25:42  Spine Crawler  
  195  25:43  Drone  
  195  25:44  Spine Crawler  
  195  25:47  Overlord  
  195  25:48  Overseer  
  191  25:50  Overlord  
  191  25:55  Hydralisk x4  
  153  26:19  Hydralisk x10  
  153  26:35  Hydralisk x10  
  173  26:41  Roach x4  
  173  26:42  Overseer  
  173  26:43  Hydralisk x3  
  179  26:58  Hydralisk  
  179  26:59  Hydralisk x7  
  154  27:18  Hydralisk x4  
  135  27:33  Drone x3  
  138  27:42  Hydralisk  
  138  27:43  Hydralisk x4  
  145  27:45  Overseer x2  
  143  27:52  Hydralisk x2  
  143  28:08  Hydralisk x4  
  145  28:18  Lurker x7  
  144  28:33  Hydralisk x2  
  142  28:41  Overseer  
  132  28:51  Hydralisk x4  
  132  28:53  Hydralisk Den  
  137  29:08  Zergling x14  
  137  29:09  Zergling x8  
Tags
 
Composition
LurkersLurkers
Matchup
ZvZ
Race
Zerg
Replay Pack
December 2023
Spawn Locations
Cross Positions
Add a new tag
Caveats
  • Supply blocks, unpowered buildings, or Contaminate may cause inaccurate times.
  • Supply counts are checked every 10 seconds.